Workbook
Name liste: Feuil1!$A$1:$A$5

Sheet Préambule
B3: Fichier de suivi des indicateurs Green Bloc
A10: Etablissement
A11: Nombre de Salles
A12: Nombre d'interventions
A13: Nb Anesth. Générales sur 2025
A16: Ce fichier Excel constitue l’outil de recueil et de suivi des indicateurs du dispositif Green Bloc dans le cadre de l’Appel à candidature 2026 porté par ARS Normandie et OMéDIT Normandie.
A18: Il permet :
A19: 1- de renseigner de manière harmonisée les indicateurs régionaux Green Bloc ;
A20: 2- de suivre les actions écoresponsables mises en œuvre au bloc opératoire ;
A21: 3- de contribuer à la capitalisation régionale et nationale (ANAP).
A23: Établissements concernés
A25: Ce fichier est destiné :
A26: aux établissements déjà Green Bloc en 2025, dans le cadre du maintien du label et de l’éligibilité au financement 2026 ;
... A55: 11. Reconnaissance et engagement institutionnel
A57: Les actions obligatoires "I" pour impératifs sont identifiées comme telles 👉 pré-requis indispensables pour 2026 | C57: I
A58: Les indicateurs "S" standards sont à renseigner uniquement si l’action correspondante est effectivement travaillée. | C58: S
A59: Les indicateurs "A" avancés sont à renseigner uniquement si une action innovante est effectivement travaillée. | C59: A
A61: Impacts des actions et modalités d’évaluation
A63: Les impacts associés aux actions (environnementaux, organisationnels, économiques ou sociaux) peuvent être réels (mesurés) ou, à défaut, estimés.
A64: Dans ce cas, merci de l’indiquer en commentaire et éventuelle méthode d'estimation.

Sheet Tableau de suivi
A1: Objectifs | C1: Actions | D1: Indicateur | E1: Cible | F1: Pilote / Action service ou personne responsable | G1: Statut de l'action | H1: Donnée quantitative | I1: Impact économique (Économies annuelles) | J1: Impact environnemental (Émissions évitées) | L1: Impact sociétal | M1: Budget estimé (optionnel) | N1: Commentaire (optionnel)
B2: type | H2: (si nécessaire) | I2: En euros | J2: kg eq.CO₂ | K2: kg déchets
A3: Axe 1 – Agents anesthésiques inhalés
A4: Suppression du protoxyde d’azote (N₂O) | B4: I | C4: Arrêter l'alimentation du réseau mural de N2O pur (dépose des cadres) et limiter l'utilisation des bouteilles de proto pur à des situations exceptionnelles | D4: Arrêt de l'alimentation du réseau mural Consommation annuelle (L ou m3 ou kg) de protoxyde : bouteilles de proto pur, de MEOPA | E4: Suppression du protoxyde d’azote (N₂O) « N2O free » d’ici 12/2026 | G4: A renseigner
A5: Arrêt du desflurane | B5: I | C5: Arrêter l'utilisation du desflurane (selon lois européennes) | D5: Nombre de flacons ou litres commandés de desflurane | E5: Suppression du desflurane d’ici 01/2026 | G5: A renseigner
A6: Optimisation du sévoflurane | B6: I | C6: Utiliser des techniques à faible débit de gaz frais comme l'anesthésie inhalée à objectif de concentration (AINOC) | D6: Nombre de flacons/bouteilles ou litres commandés de sévoflurane Evolution de la consommation moyenne de Sévoflurane (flacons sur les dernières années - exemple depuis 2022) | E6: Réduction de conso de sévoflurane vs année de début de politique de réduction Réduction de consommation de sévoflurane depuis mise en place de la politique d’ici 2026 | G6: A renseigner
C7: Utiliser le sevoflurane à bas débit de gaz frais pour l’entretien anesthésique | D7: Nombre de flacons/bouteilles ou litres commandés de sévoflurane Evolution de la consommation moyenne de Sévoflurane (flacons sur les dernières années - exemple depuis 2022) | E7: Réduction de conso de sévoflurane vs année de début de politique de réduction Réduction de consommation de sévoflurane depuis mise en place de la politique d’ici 2026 | G7: A renseigner
A8: Promotion de l'anesthésie locorégionale | B8: S | C8: Privilégier l'anesthésie locorégionale ou si AG indiquée: favoriser l'anesthésie intraveineuse totale (TIVA) ou à objectif de concentration (AIVOC) au Propofol | D8: Mise en place d'une campagne d'information favorisant l'utilisation de l'anesthésie IV si recours à AG Progression du nb d'AIVOC sur le nb de salles | E8: Augmentation des anesthésies générales IV vs Inhalées | G8: A renseigner
A9: Développement des techniques non médicamenteuses | B9: I | C9: Développer le recours aux techniques non médicamenteuses, associées à l’anesthésie locorégionale (ALR), afin de limiter ou d’éviter l’anesthésie générale (hypnose, dispositif BUZZY® en pédiatrie). | D9: Nombre de formations « hypnose / techniques alternatives » réalisées sur l'établissement % de personnel formé à l’hypnose | E9: Mise en place d'une politique / formation hypnose | G9: A renseigner
D10: Nb d’interventions avec ALR et techniques non médicamenteuses (estimé) | E10: Augmentation du nombre d'ALR avec technique non médicamenteuse vs année de début de politique
D11: % d’interventions pédiatriques utilisant une alternative non médicamenteuse | E11: ≥50 % des actes pédiatriques éligibles avec alternative non médicamenteuse d’ici 2026
D12: Nombre d'interventions purement sous hypnose et avec compléments de sédation
A13: Bon usage de l’oxygène | B13: I | C13: Politique de bon usage de l'oxygène Diminution de l’oxygénothérapie systématique en SSPI | D13: Protocole conforme à fiche de bon usage de l'oxygène de la SFAR (mars 2025) | E13: En peropératoire : adaptation des débits et de la FiO₂ aux besoins cliniques du patient, en privilégiant les bas débits de gaz frais et en évitant les apports systématiques d’oxygène. En SSPI : Administration d'oxygène au besoin et non en systématique, selon protocoles de service encadrement de l’oxygénothérapie par des protocoles fondés sur des objectifs de SpO₂, incluant l’initiation et l’arrêt systématique de l’oxygène. Organisation et parcours écoresponsable : intégration de la pertinence des apports en oxygène dans un parcours patient écoresponsable, en sécurisant l’usage des bouteilles, en détectant les fuites et en formant les professionnels. Suppression des systèmes aquapack si utilisés dans les salles de réveil % patients sans oxygène systématique en SSPI : ≥80 % des patients éligibles dès 2026 | G13: A renseigner
D14: Consommation d’oxygène (en litres ou m3/an) estimé pour bloc
D15: Quantité de lunettes commandées pour le bloc/an
A16: Monitorage EEG ciblé | B16: S | C16: Optimiser le monitorage de la profondeur anesthésique par l’utilisation ciblée d’indices EEG, afin d’ajuster les hypnotiques et d’éviter le surdosage. (ex : Index Bispectral ou autres moniteurs validés) | D16: % AG avec monitorage EEG lorsqu’indiqué | E16: Suivi du % d’anesthésies générales pour lesquelles un monitorage EEG (BIS ou équivalent) est utilisé lorsqu’il est cliniquement indiqué. | G16: A renseigner
D17: Protocole d’indication du monitorage EEG (oui/non) | E17: Existence et application d’un protocole définissant les indications du monitorage EEG de la profondeur anesthésique.
D18: Nombre moyen d’électrodes EEG / AG avec indication et nombre de moniteurs à disposition | E18: Suivi du nombre moyen d’électrodes EEG utilisées par anesthésie générale avec indication de monitorage EEG.
A19: Objectif Innovant : à détailler | B19: A | C19: Action innovante à détailler | G19: A renseigner
A20: Objectif Innovant : à détailler | B20: A | C20: Action innovante à détailler | G20: A renseigner
A21: Objectif Innovant : à détailler | B21: A | C21: Action innovante à détailler | G21: A renseigner
A22: Axe 2 – Limiter les médicaments et dispositifs médicaux inutilisés et jetés
A23: Maîtrise des consommations au bloc | B23: I | C23: Maîtriser les consommations de médicaments et de dispositifs médicaux au bloc opératoire afin d’adapter les approvisionnements au juste besoin et de limiter les surplus, les périmés et les gaspillages. | D23: Mener régulièrement des campagnes antigaspillage Sensibilisation des équipes à la maîtrise des consommations à partir de campagne antigaspillage | G23: A renseigner
D24: Quantité, poids et valeur (€) des médicaments et DM jetés (périmés ou non utilisés) collectés sur une semaine type Typologie des médicaments et DM jetés (motifs : surstock, ouverture inutile, péremption, changement de stratégie anesthésique) Évolution annuelle du volume de médicaments et DM jetés | E24: Diminution du volume de médicaments et DM jetés depuis la mise en place de la campagne Réalisation d’au moins 1 audit par an
D25: Quantité, poids et valeur (€) des médicaments et DM périmés collectés sur une semaine type Typologie des médicaments et DM périmés Évolution annuelle du volume de médicaments et DM périmés | E25: Suivi de médicaments et DM périmés Réalisation d’au moins 1 audit par an
A26: Limitation des retours en stérilisation | B26: I | C26: Limiter les dispositifs médicaux retournés non utilisés au service de stérilisation afin de réduire les consommations énergétiques, d’eau et de produits associés. | D26: Nombre de DM retournés au service de stérilisation Nombre moyen de DM retournés par intervention | E26: Diminution du nombre de DM retournés au service de stérilisation depuis la mise en place de l'action | G26: A renseigner
A27: Réduction des seringues préremplies hors urgence | B27: I | C27: Réserver l’utilisation des seringues préremplies aux situations d’urgence et privilégier, hors urgence, la préparation extemporanée adaptée aux besoins réels. | D27: Nombre de seringues préremplies et nombre d'ampoules (en volume et en valeur € - ex : Éphédrine, Atropine, Célocurine, Noradrénaline, …) Nombre d’ampoules consommées vs commandées (avant / après action) | E27: Diminution de parts de seringues préremplies sur molécules ciblées d’ici 12/2026 hors situations d'urgence | G27: A renseigner
D28: Taux de gaspillage (%) par molécule ciblée (ex. éphédrine, atropine, noradrénaline, célocurine) Estimation du gain environnemental (kg eq CO₂ – données ACV / littérature) | E28: Réduction du taux de gaspillage sur les molécules sensibles
A29: Recours au non stérile quand possible | B29: I | C29: Promouvoir le recours aux dispositifs non stériles lorsque cela est cliniquement et réglementairement possible, en lien avec l’EOH, afin de réduire les consommations inutiles (notamment sur l'usage des compresses et gants) | D29: Nombre d’actions de sensibilisation / formation réalisées | E29: 100 % des équipes sensibilisées d’ici 2026 | G29: A renseigner
D30: Existence d’une procédure ou fiche de bon usage | E30: oui/non
D31: Évolution du recours aux dispositifs non stériles vs stériles pour les actes éligibles | E31: Augmentation du recours au non stérile pour les actes éligibles
A32: Optimisation des dispositifs de perfusion | B32: S | C32: Optimiser l’utilisation des dispositifs de perfusion (tubulures, robinets 3 voies, valves) afin de limiter les consommations inutiles, en lien avec l’EOH. | D32: Existence de recommandations locales sur la longueur des tubulures et l’usage des robinets | E32: oui/non | G32: A renseigner
D33: Évolution du nombre de dispositifs de perfusion utilisés par intervention | E33: Réduction des dispositifs de perfusion utilisés par intervention d’ici 2026
A34: Réaffectation pédagogique du non utilisé | B34: S | C34: Réaffecter les médicaments et dispositifs médicaux non utilisés à des usages pédagogiques afin d’éviter leur élimination, dans le respect du cadre réglementaire. | D34: Nombre de MNU et DM réaffectés à la formation Valeur (€) estimée du matériel réaffecté Évolution du volume de MNU collectés | E34: Evolution des MNU et DM éligibles réaffectés | G34: A renseigner
A35: Filière sécurisée de réemploi pédagogique | B35: S | C35: Créer une filière logistique sécurisée de réemploi du matériel périmé ou déstérilisé à des fins pédagogiques (écoles, instituts, Medical Training Center, partenaires). | D35: Existence d’une filière formalisée et conventionnée | E35: oui/non | G35: A renseigner
D36: Nombre de partenaires bénéficiaires | E36: Filière opérationnelle et conventionnée>=1
A37: Adaptation des custom packs | B37: I | C37: Adapter les custom packs, conditionnements des kits afin de supprimer le matériel superflu et réduire les consommations inutiles (y compris de pansements) | D37: % de custom packs adaptés après audit terrain | E37: Diminution des consommables par pack après audit terrain Augmentation du % de packs adaptés après audit terrain | G37: A renseigner
D38: Nombre de kits / boîtes reconfigurés après audit terrain
D39: Nombre de kits chirurgicaux optimisés (matériel supprimé)
A40: Objectif Innovant : à détailler | B40: A | C40: Action innovante à détailler | G40: A renseigner
A41: Objectif Innovant : à détailler | B41: A | C41: Action innovante à détailler | G41: A renseigner
A42: Objectif Innovant : à détailler | B42: A | C42: Action innovante à détailler | G42: A renseigner
A43: Axe 3 – Déchets d’activités de soins
A44: Réduction des DASRI par intervention | B44: I | C44: Réduire la production de DASRI par intervention chirurgicale par l’amélioration des pratiques de tri et la réduction des erreurs de classification des déchets. | D44: Nombre de PdS sensibilisés par une campagne d'information avec affichage sur juste tri | E44: Campagne d'information avec affichage sur juste tri | G44: A renseigner
D45: Nombre de dispositifs de collecte DASRI utilisés (containers, rouleaux, boites) par an Nombre de collecteurs commandés par an au bloc / rouleaux | E45: Baisse du nombre de containers et boites à aiguilles commandés
D46: Poids total de DASRI rapporté à l’activité opératoire (kg / intervention) Kg de DASRI avant / après campagne de sensibilisation (% de réduction) Nombre de containers DASRI évités | E46: Baisse du kg de DASRI / intervention (évolution annuelle) depuis la sensibilisation
A47: Amélioration du tri DASRI / DAE (ex DASND) | B47: I | C47: Améliorer la qualité du tri entre DASRI et DAE (ex DASND) afin de réduire les erreurs de tri et favoriser la revalorisation des déchets non dangereux. | D47: Réalisation d’une campagne d’information avec affichage sur le juste tri (DASRI et DASND - revalorisation et recyclage) Nombre d’actions de sensibilisation réalisées sur erreurs de tri | E47: Campagne d’information réalisée dans 100 % des blocs | G47: A renseigner
D48: % de professionnels sensibilisés | E48: 100 % des équipes sensibilisées d’ici 2026
D49: Taux d’erreur de tri (audits flash - ex : absence de verre dans les boîtes à aiguilles) | E49: Baisse du nombre d'erreur de tri ≤5 % de non-conformité dans les audits de tri (DASRI, DIMED)
D50: Consommation de containers et boîtes à aiguilles
C51: Limiter les DASRI injustifiés et optimiser les filières de traitement. | D51: Nombre de filières de tri pour revalorisation au bloc | E51: Augmentation du nombre de filières de revalorisation actives au bloc | G51: A renseigner
A52: Diffusion de la procédure nationale DASRI | B52: I | C52: Diffuser et former les professionnels à la nouvelle procédure nationale DASRI afin d’assurer sa bonne application et la conformité réglementaire. | D52: Diffusion de la procédure nationale DASRI | E52: Procédure nationale DASRI diffusée en 2026 | G52: A renseigner
D53: Nombre de professionnels de santé sensibilisés / formés à la procédure DASRI | E53: Formation et déploiement dès 2026, avec appui du CPias
A54: Déploiement de la filière DIMED | B54: S | C54: Déployer et fiabiliser la filière DIMED (déchets issus des médicaments) afin de sécuriser leur élimination et d’éviter les erreurs de tri. | D54: Nombre de filières DIMED actives | E54: 100 % des secteurs raccordés à la filière DIMED | G54: A renseigner
D55: Nombre et % de salles équipées pour la collecte DIMED | E55: 100 % des blocs opératoires équipés DIMED d’ici 2026
D56: Absence de DIMED dans les DAE (ex DASND) (audits de tri) | E56: Absence de DIMED dans les DAE lors des audits
A57: Objectif Innovant : à détailler | B57: A | C57: Action innovante à détailler | G57: A renseigner
A58: Objectif Innovant : à détailler | B58: A | C58: Action innovante à détailler | G58: A renseigner
A59: Objectif Innovant : à détailler | B59: A | C59: Action innovante à détailler | G59: A renseigner
A60: Axe 4 – Déchets non dangereux
A61: Déploiement du tri à la source | B61: I | C61: Déployer et fiabiliser le tri à la source des déchets non dangereux au bloc opératoire et dans les zones associées, conformément aux obligations réglementaires et aux filières de revalorisation existantes. | D61: Taux de tri global : déchets recyclés / déchets totaux (%) | E61: Augmentation du tri global / an | G61: A renseigner
E62: Taux de tri ≥ 60 % d’ici 12/2026
D63: Quantités récupérées par filière (kg/an) : papier / carton - plastiques - verre - métaux | E63: ≥ 90 % de conformité des filières recyclables d’ici 2026
D64: Taux de refus des déchets par le prestataire (audit déchets ou retour prestataire) | E64: Diminution annuelle du taux de refus du prestataire
B65: S | C65: Augmenter la part de déchets recyclés et valorisés au sein de l’établissement, avec un focus sur le bloc opératoire. | D65: Tonnage de déchets recyclés par mois (niveau établissement) Évolution mensuelle du tonnage recyclé vs année de référence | E65: Augmentation du tonnage recyclé / mois | G65: A renseigner
A66: Élargissement des filières de valorisation | B66: I | C66: Élargir les filières de recyclage et de valorisation afin d’augmenter la part de déchets valorisés (y compris pour les matériaux éligibles : endoscopes UU, champs/casaques non tissés) | D66: Tonnes revalorisées (données prestataire) | E66: Augmentation du volume valorisé depuis la mise en place de la politique | G66: A renseigner
D67: Tonnes de métaux recyclés (données prestataire) | E67: Augmentation du volume de matériaux valorisés
D68: Quantités valorisées via filières REP (textiles, emballages) (kg/an) | E68: Augmentation du volume valorisé (filières REP)
D69: Nombre de filières de valorisation actives au bloc | E69: Augmentation annuelle du nombre de filières actives
C70: Mettre en place le recyclage des papiers confidentiels | G70: A renseigner
A71: Suppression des bouteilles plastiques | B71: I | C71: Supprimer les bouteilles d’eau en plastique à usage unique au bloc opératoire en favorisant des alternatives durables. | D71: Nombre de bouteilles plastiques supprimées Volume de déchets plastiques évités (kg/an) Absence de commandes de bouteilles plastiques dans les unités fonctionnelles ciblées | E71: Diminution continue du volume de déchets plastiques liés à l’eau depuis la mise en place de la politique | G71: A renseigner
A72: Réduction des emballages de stérilisation | B72: S | C72: Réduire les emballages de stérilisation lorsque cela est compatible avec la sécurité et la réglementation, afin de limiter les déchets à la source. (ex lames de laryngo, privilégier le simple emballage, ...) | D72: Nombre de dispositifs concernés par une réduction d’emballage Poids des emballages de stérilisation évités (kg/an) | E72: Réduction mesurable du poids des emballages de stérilisation | G72: A renseigner
A73: Objectif Innovant : à détailler | B73: A | C73: Action innovante à détailler | G73: A renseigner
A74: Objectif Innovant : à détailler | B74: A | C74: Action innovante à détailler | G74: A renseigner
A75: Objectif Innovant : à détailler | B75: A | C75: Action innovante à détailler | G75: A renseigner
A76: Axe 5 – Énergie et eau
A77: Sobriété énergétique du bloc | B77: I | C77: Réduire la consommation électrique du bloc opératoire en accompagnant le plan de sobriété énergétique de l’établissement, sans compromettre la sécurité et la continuité des soins (ex : Généraliser LED). | D77: Consommation électrique estimée du bloc : kWh / mois ou kWh / m² / an (si disponible ou estimée selon méthode décrite) | E77: Dimininuer ou avoir prévu de diminuer la consommation électrique par an (kWh / mois ou kWh / m² / an) à partir de la mise en place de la politique | G77: A renseigner
D78: % de salles équipées de LED % de zones équipées de détecteurs de présence | E78: Démarche d’équipement LED et détecteurs engagée ou finalisée
D79: % de salles en mode réduit des CTA hors plages d’activité | E79: Augmenter le mode réduit sur les plages inoccupées
A80: Extinction/veille des équipements | B80: I | C80: Réduire les consommations électriques en fin de chirurgie et hors activité par l’extinction ou la mise en veille des équipements ( ex : détecteurs et mode réduit des CTA hors activité) / Débranchement systématique des prises SEGA | D80: Existence de consignes d’extinction / veille formalisées | E80: Démarche engagée avec augmentatioon de conformité aux consignes d’extinction | G80: A renseigner
D81: Taux d’extinction ou de mise en veille des respirateurs et scopes en fin de chirurgie (%) | E81: Augmentation annuelle du taux d’extinction / veille des équipements
D82: Nombre d’actions de sensibilisation réalisées | E82: >0
A83: Plan d’économie d’eau | B83: I | C83: Élaborer et déployer un plan spécifique d’économie d’eau au bloc opératoire, en lien avec la stérilisation et les zones de lavage, tout en garantissant l’hygiène des soins (ex purges des auges de lavage de mains) | D83: Existence d’un plan d’économie d’eau spécifique bloc | E83: Plan d’économie d’eau formalisé et diffusé d’ici 2026 | G83: A renseigner
D84: Nombre de supports de communication diffusés | E84: >0
D85: Évolution de la consommation d’eau sur les zones ciblées (si disponible ou estimée si la mesure fine n’est pas accessible) | E85: Réduction de consommation d’eau sur les usages ciblés à partir de mise en place de la politique
A86: Réduction des biocides (vapeur) | B86: S | C86: Réduire l’utilisation des biocides au bloc opératoire par le déploiement du bionettoyage vapeur, lorsque cela est compatible avec les exigences d’hygiène. | D86: Volume de biocides consommés (L / mois) | E86: Réduction du volume de biocides consommés depuis mise en place de la politique | G86: A renseigner
D87: Taux de conformité des prélèvements de surface après bionettoyage vapeur | E87: Conformité des prélèvements de surface après bionettoyage vapeur
A88: Objectif Innovant : à détailler | B88: A | C88: Action innovante à détailler | G88: A renseigner
A89: Objectif Innovant : à détailler | B89: A | C89: Action innovante à détailler | G89: A renseigner
A90: Objectif Innovant : à détailler | B90: A | C90: Action innovante à détailler | G90: A renseigner
A91: Axe 6 – Achats durables
A92: Intégration de critères environnementaux | B92: I | C92: Intégrer des critères environnementaux et sociaux dans les marchés - Déployer le SPASER pour les ES publics - Définir et appliquer une charte fournisseurs pour les ES privés | D92: % de marchés comportant au moins un critère environnemental | E92: Augmentation des marchés avec critère environnemental | G92: A renseigner
D93: % de marchés comportant un critère social | E93: Augmentation des marchés avec critère social
D94: % de marchés attribués avec clause d’économie circulaire | E94: Augmentation de dispositifs achetés via filières responsables depuis ise en place de la politique
D95: % de fournisseurs engagés dans l’économie circulaire | E95: Augmentation de dispositifs achetés via filières responsables depuis ise en place de la politique
D96: Nombre de dispositifs achetés via filières responsables (ESAT, écolabels…) | E96: Augmentation de dispositifs achetés via filières responsables depuis ise en place de la politique
A97: Substituer les dispositifs médicaux à usage unique par des dispositifs réutilisables | B97: S | C97: Identifier les DM réutilisables pertinents (ex : lames de laryngoscope, kits d’accouchement, plateaux inox, casaques, bistouris, tuyaux, …) | D97: % de DM réutilisables vs DM à usage unique | E97: Augmentation de la part de DM réutilisables | G97: A renseigner
C98: Recourir à des produits moins impactant (ex : masques ventilation sans phtalates) | D98: % de DM substitués | E98: Augmentation de la part de DM substitués | G98: A renseigner
C99: Evaluer le retour sur investissement et l’impact environnemental via ACV | D99: ACV comparatif sur certains achats ciblés Index DM durable (C2DS, SNITEM) | G99: A renseigner
A100: Objectif Innovant : à détailler | B100: A | C100: Action innovante à détailler | G100: A renseigner
...

Sheet TdB
C1: I | D1: S | E1: A
B2: Nb d'actions par objectif | C2: Impératifs | D2: Standard | E2: Avancés | F2: Total | L2: Nb d'actions par objectif | M2: A renseigner | N2: Prévue | O2: Engagée | P2: Réalisée | Q2: Non applicable | R2: Total
B3: Axe 1 | C3: =COUNTIF('Tableau de suivi'!$B$4:$B$21,TdB!C$1) -> 5 | D3: =COUNTIF('Tableau de suivi'!$B$4:$B$21,TdB!D$1) -> 2 | E3: =COUNTIF('Tableau de suivi'!$B$4:$B$21,TdB!E$1)-COUNTIFS('Tableau de suivi'!$B$4:$B$21,$E$1,'Tableau de suivi'!$C$4:$C$21,"action innovante à détailler") -> 0 | F3: =SUM(C3:E3) -> 7 | L3: Axe 1 | M3: =COUNTIF('Tableau de suivi'!$G$4:$G$21,TdB!M$2)-COUNTIFS('Tableau de suivi'!$G$4:$G$21,C$43,'Tableau de suivi'!$C$4:$C$21,"Action innovante à détailler") -> 8 | N3: =COUNTIF('Tableau de suivi'!$G$4:$G$21,TdB!N$2) -> 0 | O3: =COUNTIF('Tableau de suivi'!$G$4:$G$21,TdB!O$2) -> 0 | P3: =COUNTIF('Tableau de suivi'!$G$4:$G$21,TdB!P$2) -> 0 | Q3: =COUNTIF('Tableau de suivi'!$G$4:$G$21,TdB!Q$2) -> 0 | R3: =SUM(M3:Q3) -> 8
B4: Axe 2 | C4: =COUNTIF('Tableau de suivi'!$B$23:$B$42,TdB!C$1) -> 5 | D4: =COUNTIF('Tableau de suivi'!$B$23:$B$42,TdB!D$1) -> 3 | E4: =COUNTIF('Tableau de suivi'!$B$23:$B$42,TdB!E$1)-COUNTIFS('Tableau de suivi'!$B$23:$B$42,$E$1,'Tableau de suivi'!$C$23:$C$42,"action innovante à détailler") -> 0 | F4: =SUM(C4:E4) -> 8 | L4: Axe 2 | M4: =COUNTIF('Tableau de suivi'!$G$23:$G$42,TdB!M$2)-COUNTIFS('Tableau de suivi'!$G$23:$G$42,C$43,'Tableau de suivi'!$C$23:$C$42,"Action innovante à détailler") -> 8 | N4: =COUNTIF('Tableau de suivi'!$G$23:$G$42,TdB!N$2) -> 0 | O4: =COUNTIF('Tableau de suivi'!$G$23:$G$42,TdB!O$2) -> 0 | P4: =COUNTIF('Tableau de suivi'!$G$23:$G$42,TdB!P$2) -> 0 | Q4: =COUNTIF('Tableau de suivi'!$G$23:$G$42,TdB!Q$2) -> 0 | R4: =SUM(M4:Q4) -> 8
B5: Axe 3 | C5: =COUNTIF('Tableau de suivi'!$B$44:$B$59,TdB!C$1) -> 3 | D5: =COUNTIF('Tableau de suivi'!$B$44:$B$59,TdB!D$1) -> 1 | E5: =COUNTIF('Tableau de suivi'!$B$44:$B$59,TdB!E$1)-COUNTIFS('Tableau de suivi'!$B$44:$B$59,$E$1,'Tableau de suivi'!$C$44:$C$59,"action innovante à détailler") -> 0 | F5: =SUM(C5:E5) -> 4 | L5: Axe 3 | M5: =COUNTIF('Tableau de suivi'!$G$44:$G$59,TdB!M$2)-COUNTIFS('Tableau de suivi'!$G$44:$G$59,C$43,'Tableau de suivi'!$C$44:$C$59,"Action innovante à détailler") -> 5 | N5: =COUNTIF('Tableau de suivi'!$G$44:$G$59,TdB!N$2) -> 0 | O5: =COUNTIF('Tableau de suivi'!$G$44:$G$59,TdB!O$2) -> 0 | P5: =COUNTIF('Tableau de suivi'!$G$44:$G$59,TdB!P$2) -> 0 | Q5: =COUNTIF('Tableau de suivi'!$G$44:$G$59,TdB!Q$2) -> 0 | R5: =SUM(M5:Q5) -> 5
B6: Axe 4 | C6: =COUNTIF('Tableau de suivi'!$B$61:$B$75,TdB!C$1) -> 3 | D6: =COUNTIF('Tableau de suivi'!$B$61:$B$75,TdB!D$1) -> 2 | E6: =COUNTIF('Tableau de suivi'!$B$61:$B$75,TdB!E$1)-COUNTIFS('Tableau de suivi'!$B$61:$B$75,$E$1,'Tableau de suivi'!$C61:$C$75,"action innovante à détailler") -> 0 | F6: =SUM(C6:E6) -> 5 | L6: Axe 4 | M6: =COUNTIF('Tableau de suivi'!$G$61:$G$75,TdB!M$2)-COUNTIFS('Tableau de suivi'!$G$61:$G$75,C$43,'Tableau de suivi'!$C$61:$C$75,"Action innovante à détailler") -> 6 | N6: =COUNTIF('Tableau de suivi'!$G$61:$G$75,TdB!N$2) -> 0 | O6: =COUNTIF('Tableau de suivi'!$G$61:$G$75,TdB!O$2) -> 0 | P6: =COUNTIF('Tableau de suivi'!$G$61:$G$75,TdB!P$2) -> 0 | Q6: =COUNTIF('Tableau de suivi'!$G$61:$G$75,TdB!Q$2) -> 0 | R6: =SUM(M6:Q6) -> 6
B7: Axe 5 | C7: =COUNTIF('Tableau de suivi'!$B$77:$B$90,TdB!C$1) -> 3 | D7: =COUNTIF('Tableau de suivi'!$B$77:$B$90,TdB!D$1) -> 1 | E7: =COUNTIF('Tableau de suivi'!$B$77:$B$90,TdB!E$1)-COUNTIFS('Tableau de suivi'!$B$77:$B$90,$E$1,'Tableau de suivi'!$C$77:$C$90,"action innovante à détailler") -> 0 | F7: =SUM(C7:E7) -> 4 | L7: Axe 5 | M7: =COUNTIF('Tableau de suivi'!$G$77:$G$90,TdB!M$2)-COUNTIFS('Tableau de suivi'!$G$77:$G$90,C$43,'Tableau de suivi'!$C$77:$C$90,"Action innovante à détailler") -> 4 | N7: =COUNTIF('Tableau de suivi'!$G$77:$G$90,TdB!N$2) -> 0 | O7: =COUNTIF('Tableau de suivi'!$G$77:$G$90,TdB!O$2) -> 0 | P7: =COUNTIF('Tableau de suivi'!$G$77:$G$90,TdB!P$2) -> 0 | Q7: =COUNTIF('Tableau de suivi'!$G$77:$G$90,TdB!Q$2) -> 0 | R7: =SUM(M7:Q7) -> 4
B8: Axe 6 | C8: =COUNTIF('Tableau de suivi'!$B$92:$B$102,TdB!C$1) -> 1 | D8: =COUNTIF('Tableau de suivi'!$B$92:$B$102,TdB!D$1) -> 1 | E8: =COUNTIF('Tableau de suivi'!$B$92:$B$102,TdB!E$1)-COUNTIFS('Tableau de suivi'!$B$92:$B$102,$E$1,'Tableau de suivi'!$C$92:$C$102,"action innovante à détailler") -> 0 | F8: =SUM(C8:E8) -> 2 | L8: Axe 6 | M8: =COUNTIF('Tableau de suivi'!$G$92:$G$102,TdB!M$2)-COUNTIFS('Tableau de suivi'!$G$92:$G$102,C$43,'Tableau de suivi'!$C$92:$C$102,"Action innovante à détailler") -> 4 | N8: =COUNTIF('Tableau de suivi'!$G$92:$G$102,TdB!N$2) -> 0 | O8: =COUNTIF('Tableau de suivi'!$G$92:$G$102,TdB!O$2) -> 0 | P8: =COUNTIF('Tableau de suivi'!$G$92:$G$102,TdB!P$2) -> 0 | Q8: =COUNTIF('Tableau de suivi'!$G$92:$G$102,TdB!Q$2) -> 0 | R8: =SUM(M8:Q8) -> 4
B9: Axe 7 | C9: =COUNTIF('Tableau de suivi'!$B$104:$B$113,TdB!C$1) -> 3 | D9: =COUNTIF('Tableau de suivi'!$B$104:$B$113,TdB!D$1) -> 1 | E9: =COUNTIF('Tableau de suivi'!$B$104:$B$113,TdB!E$1)-COUNTIFS('Tableau de suivi'!$B$104:$B$113,$E$1,'Tableau de suivi'!$C$104:$C$113,"action innovante à détailler") -> 0 | F9: =SUM(C9:E9) -> 4 | L9: Axe 7 | M9: =COUNTIF('Tableau de suivi'!$G$104:$G$113,TdB!M$2)-COUNTIFS('Tableau de suivi'!$G$104:$G$113,C$43,'Tableau de suivi'!$C$104:$C$113,"Action innovante à détailler") -> 6 | N9: =COUNTIF('Tableau de suivi'!$G$104:$G$113,TdB!N$2) -> 0 | O9: =COUNTIF('Tableau de suivi'!$G$104:$G$113,TdB!O$2) -> 0 | P9: =COUNTIF('Tableau de suivi'!$G$104:$G$113,TdB!P$2) -> 0 | Q9: =COUNTIF('Tableau de suivi'!$G$104:$G$113,TdB!Q$2) -> 0 | R9: =SUM(M9:Q9) -> 6
B10: Axe 8 | C10: =COUNTIF('Tableau de suivi'!$B$115:$B$125,TdB!C$1) -> 3 | D10: =COUNTIF('Tableau de suivi'!$B$115:$B$125,TdB!D$1) -> 4 | E10: =COUNTIF('Tableau de suivi'!$B$115:$B$125,TdB!E$1)-COUNTIFS('Tableau de suivi'!$B$115:$B$125,$E$1,'Tableau de suivi'!$C$115:$C$125,"action innovante à détailler") -> 0 | F10: =SUM(C10:E10) -> 7 | L10: Axe 8 | M10: =COUNTIF('Tableau de suivi'!$G$115:$G$125,TdB!M$2)-COUNTIFS('Tableau de suivi'!$G$115:$G$125,C$43,'Tableau de suivi'!$C$115:$C$125,"Action innovante à détailler") -> 8 | N10: =COUNTIF('Tableau de suivi'!$G$115:$G$125,TdB!N$2) -> 0 | O10: =COUNTIF('Tableau de suivi'!$G$115:$G$125,TdB!O$2) -> 0 | P10: =COUNTIF('Tableau de suivi'!$G$115:$G$125,TdB!P$2) -> 0 | Q10: =COUNTIF('Tableau de suivi'!$G$115:$G$125,TdB!Q$2) -> 0 | R10: =SUM(M10:Q10) -> 8
B11: Axe 9 | C11: =COUNTIF('Tableau de suivi'!$B$127:$B$137,TdB!C$1) -> 1 | D11: =COUNTIF('Tableau de suivi'!$B$127:$B$137,TdB!D$1) -> 2 | E11: =COUNTIF('Tableau de suivi'!$B$127:$B$137,TdB!E$1)-COUNTIFS('Tableau de suivi'!$B$127:$B$137,$E$1,'Tableau de suivi'!$C$127:$C$137,"action innovante à détailler") -> 0 | F11: =SUM(C11:E11) -> 3 | L11: Axe 9 | M11: =COUNTIF('Tableau de suivi'!$G$127:$G$137,TdB!M$2)-COUNTIFS('Tableau de suivi'!$G$127:$G$137,C$43,'Tableau de suivi'!$C$127:$C$137,"Action innovante à détailler") -> 3 | N11: =COUNTIF('Tableau de suivi'!$G$127:$G$137,TdB!N$2) -> 0 | O11: =COUNTIF('Tableau de suivi'!$G$127:$G$137,TdB!O$2) -> 0 | P11: =COUNTIF('Tableau de suivi'!$G$127:$G$137,TdB!P$2) -> 0 | Q11: =COUNTIF('Tableau de suivi'!$G$127:$G$137,TdB!Q$2) -> 0 | R11: =SUM(M11:Q11) -> 3
B12: Axe 10 | C12: =COUNTIF('Tableau de suivi'!$B$139:$B$154,TdB!C$1) -> 0 | D12: =COUNTIF('Tableau de suivi'!$B$139:$B$154,TdB!D$1) -> 4 | E12: =COUNTIF('Tableau de suivi'!$B$139:$B$154,TdB!E$1)-COUNTIFS('Tableau de suivi'!$B$139:$B$154,$E$1,'Tableau de suivi'!$C$139:$C$154,"action innovante à détailler") -> 0 | F12: =SUM(C12:E12) -> 4 | L12: Axe 10 | M12: =COUNTIF('Tableau de suivi'!$G$139:$G$154,TdB!M$2)-COUNTIFS('Tableau de suivi'!$G$139:$G$154,C$43,'Tableau de suivi'!$C$139:$C$154,"Action innovante à détailler") -> 9 | N12: =COUNTIF('Tableau de suivi'!$G$139:$G$154,TdB!N$2) -> 0 | O12: =COUNTIF('Tableau de suivi'!$G$139:$G$154,TdB!O$2) -> 0 | P12: =COUNTIF('Tableau de suivi'!$G$139:$G$154,TdB!P$2) -> 0 | Q12: =COUNTIF('Tableau de suivi'!$G$139:$G$154,TdB!Q$2) -> 0 | R12: =SUM(M12:Q12) -> 9
B13: Axe 11 | C13: =COUNTIF('Tableau de suivi'!$B$156:$B$167,TdB!C$1) -> 4 | D13: =COUNTIF('Tableau de suivi'!$B$156:$B$167,TdB!D$1) -> 1 | E13: =COUNTIF('Tableau de suivi'!$B$156:$B$167,TdB!E$1)-COUNTIFS('Tableau de suivi'!$B$156:$B$167,$E$1,'Tableau de suivi'!$C$156:$C$167,"action innovante à détailler") -> 0 | F13: =SUM(C13:E13) -> 5 | L13: Axe 11 | M13: =COUNTIF('Tableau de suivi'!$G$156:$G$167,TdB!M$2)-COUNTIFS('Tableau de suivi'!$G$156:$G$167,C$43,'Tableau de suivi'!$C$156:$C$167,"Action innovante à détailler") -> 9 | N13: =COUNTIF('Tableau de suivi'!$G$156:$G$167,TdB!N$2) -> 0 | O13: =COUNTIF('Tableau de suivi'!$G$156:$G$167,TdB!O$2) -> 0 | P13: =COUNTIF('Tableau de suivi'!$G$156:$G$167,TdB!P$2) -> 0 | Q13: =COUNTIF('Tableau de suivi'!$G$156:$G$167,TdB!Q$2) -> 0 | R13: =SUM(M13:Q13) -> 9
R14: =SUM(R3:R13) -> 70
B40: Détails par axe
C42: Axe 1 – Agents anesthésiques inhalés | J42: Axe 2 – Limiter les médicaments et dispositifs médicaux inutilisés et jetés | Q42: Axe 3 – Déchets d’activités de soins
B43: nbre d'actions | C43: A renseigner | D43: Prévue | E43: Engagée | F43: Réalisée | G43: Non applicable | I43: nbre d'actions | J43: A renseigner | K43: Prévue | L43: Engagée | M43: Réalisée | N43: Non applicable | P43: nbre d'actions | Q43: A renseigner | R43: Prévue | S43: Engagée | T43: Réalisée | U43: Non applicable
A44: I | B44: Impératif | C44: =COUNTIFS('Tableau de suivi'!$G$4:$G$21,C$43,'Tableau de suivi'!$B$4:$B$21,$A44) -> 5 | D44: =COUNTIFS('Tableau de suivi'!$G$4:$G$21,D$43,'Tableau de suivi'!$B$4:$B$21,$A44) -> 0 | E44: =COUNTIFS('Tableau de suivi'!$G$4:$G$21,E$43,'Tableau de suivi'!$B$4:$B$21,$A44) -> 0 | F44: =COUNTIFS('Tableau de suivi'!$G$4:$G$21,F$43,'Tableau de suivi'!$B$4:$B$21,$A44) -> 0 | G44: =COUNTIFS('Tableau de suivi'!$G$4:$G$21,G$43,'Tableau de suivi'!$B$4:$B$21,$A44) -> 0 | I44: Impératif | J44: =COUNTIFS('Tableau de suivi'!$G$23:$G$42,J$43,'Tableau de suivi'!$B$23:$B$42,$A44) -> 5 | K44: =COUNTIFS('Tableau de suivi'!$G$23:$G$42,K$43,'Tableau de suivi'!$B$23:$B$42,$A44) -> 0 | L44: =COUNTIFS('Tableau de suivi'!$G$23:$G$42,L$43,'Tableau de suivi'!$B$23:$B$42,$A44) -> 0 | M44: =COUNTIFS('Tableau de suivi'!$G$23:$G$42,M$43,'Tableau de suivi'!$B$23:$B$42,$A44) -> 0 | N44: =COUNTIFS('Tableau de suivi'!$G$23:$G$42,N$43,'Tableau de suivi'!$B$23:$B$42,$A44) -> 0 | P44: Impératif | Q44: =COUNTIFS('Tableau de suivi'!$G$44:$G$59,Q$43,'Tableau de suivi'!$B$44:$B$59,$A44) -> 3 | R44: =COUNTIFS('Tableau de suivi'!$G$44:$G$59,R$43,'Tableau de suivi'!$B$44:$B$59,$A44) -> 0 | S44: =COUNTIFS('Tableau de suivi'!$G$44:$G$59,S$43,'Tableau de suivi'!$B$44:$B$59,$A44) -> 0 | T44: =COUNTIFS('Tableau de suivi'!$G$44:$G$59,T$43,'Tableau de suivi'!$B$44:$B$59,$A44) -> 0 | U44: =COUNTIFS('Tableau de suivi'!$G$44:$G$59,U$43,'Tableau de suivi'!$B$44:$B$59,$A44) -> 0
A45: S | B45: Standard | C45: =COUNTIFS('Tableau de suivi'!$G$4:$G$21,C$43,'Tableau de suivi'!$B$4:$B$21,$A45) -> 2 | D45: =COUNTIFS('Tableau de suivi'!$G$4:$G$21,D$43,'Tableau de suivi'!$B$4:$B$21,$A45) -> 0 | E45: =COUNTIFS('Tableau de suivi'!$G$4:$G$21,E$43,'Tableau de suivi'!$B$4:$B$21,$A45) -> 0 | F45: =COUNTIFS('Tableau de suivi'!$G$4:$G$21,F$43,'Tableau de suivi'!$B$4:$B$21,$A45) -> 0 | G45: =COUNTIFS('Tableau de suivi'!$G$4:$G$21,G$43,'Tableau de suivi'!$B$4:$B$21,$A45) -> 0 | I45: Standard | J45: =COUNTIFS('Tableau de suivi'!$G$23:$G$42,J$43,'Tableau de suivi'!$B$23:$B$42,$A45) -> 3 | K45: =COUNTIFS('Tableau de suivi'!$G$23:$G$42,K$43,'Tableau de suivi'!$B$23:$B$42,$A45) -> 0 | L45: =COUNTIFS('Tableau de suivi'!$G$23:$G$42,L$43,'Tableau de suivi'!$B$23:$B$42,$A45) -> 0 | M45: =COUNTIFS('Tableau de suivi'!$G$23:$G$42,M$43,'Tableau de suivi'!$B$23:$B$42,$A45) -> 0 | N45: =COUNTIFS('Tableau de suivi'!$G$23:$G$42,N$43,'Tableau de suivi'!$B$23:$B$42,$A45) -> 0 | P45: Standard | Q45: =COUNTIFS('Tableau de suivi'!$G$44:$G$59,Q$43,'Tableau de suivi'!$B$44:$B$59,$A45) -> 1 | R45: =COUNTIFS('Tableau de suivi'!$G$44:$G$59,R$43,'Tableau de suivi'!$B$44:$B$59,$A45) -> 0 | S45: =COUNTIFS('Tableau de suivi'!$G$44:$G$59,S$43,'Tableau de suivi'!$B$44:$B$59,$A45) -> 0 | T45: =COUNTIFS('Tableau de suivi'!$G$44:$G$59,T$43,'Tableau de suivi'!$B$44:$B$59,$A45) -> 0 | U45: =COUNTIFS('Tableau de suivi'!$G$44:$G$59,U$43,'Tableau de suivi'!$B$44:$B$59,$A45) -> 0
A46: A | B46: Avancé | C46: =COUNTIFS('Tableau de suivi'!$G$4:$G$21,C$43,'Tableau de suivi'!$B$4:$B$21,$A46)-COUNTIFS('Tableau de suivi'!$G$4:$G$21,C$43,'Tableau de suivi'!$C$4:$C$21,"Action innovante à détailler") -> 0 | D46: =COUNTIFS('Tableau de suivi'!$G$4:$G$21,D$43,'Tableau de suivi'!$B$4:$B$21,$A46)-COUNTIFS('Tableau de suivi'!$G$4:$G$21,D$43,'Tableau de suivi'!$C$4:$C$21,"Action innovante à détailler") -> 0 | E46: =COUNTIFS('Tableau de suivi'!$G$4:$G$21,E$43,'Tableau de suivi'!$B$4:$B$21,$A46)-COUNTIFS('Tableau de suivi'!$G$4:$G$21,E$43,'Tableau de suivi'!$C$4:$C$21,"Action innovante à détailler") -> 0 | F46: =COUNTIFS('Tableau de suivi'!$G$4:$G$21,F$43,'Tableau de suivi'!$B$4:$B$21,$A46)-COUNTIFS('Tableau de suivi'!$G$4:$G$21,F$43,'Tableau de suivi'!$C$4:$C$21,"Action innovante à détailler") -> 0 | G46: =COUNTIFS('Tableau de suivi'!$G$4:$G$21,G$43,'Tableau de suivi'!$B$4:$B$21,$A46)-COUNTIFS('Tableau de suivi'!$G$4:$G$21,G$43,'Tableau de suivi'!$C$4:$C$21,"Action innovante à détailler") -> 0 | I46: Avancé | J46: =COUNTIFS('Tableau de suivi'!$G$23:$G$42,J$43,'Tableau de suivi'!$B$23:$B$42,$A46)-COUNTIFS('Tableau de suivi'!$G$23:$G$42,J$43,'Tableau de suivi'!$C$23:$C$42,"Action innovante à détailler") -> 0 | K46: =COUNTIFS('Tableau de suivi'!$G$23:$G$42,K$43,'Tableau de suivi'!$B$23:$B$42,$A46)-COUNTIFS('Tableau de suivi'!$G$23:$G$42,K$43,'Tableau de suivi'!$C$23:$C$42,"Action innovante à détailler") -> 0 | L46: =COUNTIFS('Tableau de suivi'!$G$23:$G$42,L$43,'Tableau de suivi'!$B$23:$B$42,$A46)-COUNTIFS('Tableau de suivi'!$G$23:$G$42,L$43,'Tableau de suivi'!$C$23:$C$42,"Action innovante à détailler") -> 0 | M46: =COUNTIFS('Tableau de suivi'!$G$23:$G$42,M$43,'Tableau de suivi'!$B$23:$B$42,$A46)-COUNTIFS('Tableau de suivi'!$G$23:$G$42,M$43,'Tableau de suivi'!$C$23:$C$42,"Action innovante à détailler") -> 0 | N46: =COUNTIFS('Tableau de suivi'!$G$23:$G$42,N$43,'Tableau de suivi'!$B$23:$B$42,$A46)-COUNTIFS('Tableau de suivi'!$G$23:$G$42,N$43,'Tableau de suivi'!$C$23:$C$42,"Action innovante à détailler") -> 0 | P46: Avancé | Q46: =COUNTIFS('Tableau de suivi'!$G$44:$G$59,Q$43,'Tableau de suivi'!$B$44:$B$59,$A46)-COUNTIFS('Tableau de suivi'!$G$44:$G$59,Q$43,'Tableau de suivi'!$C$44:$C$59,"Action innovante à détailler") -> 0 | R46: =COUNTIFS('Tableau de suivi'!$G$44:$G$59,R$43,'Tableau de suivi'!$B$44:$B$59,$A46)-COUNTIFS('Tableau de suivi'!$G$44:$G$59,R$43,'Tableau de suivi'!$C$44:$C$59,"Action innovante à détailler") -> 0 | S46: =COUNTIFS('Tableau de suivi'!$G$44:$G$59,S$43,'Tableau de suivi'!$B$44:$B$59,$A46)-COUNTIFS('Tableau de suivi'!$G$44:$G$59,S$43,'Tableau de suivi'!$C$44:$C$59,"Action innovante à détailler") -> 0 | T46: =COUNTIFS('Tableau de suivi'!$G$44:$G$59,T$43,'Tableau de suivi'!$B$44:$B$59,$A46)-COUNTIFS('Tableau de suivi'!$G$44:$G$59,T$43,'Tableau de suivi'!$C$44:$C$59,"Action innovante à détailler") -> 0 | U46: =COUNTIFS('Tableau de suivi'!$G$44:$G$59,U$43,'Tableau de suivi'!$B$44:$B$59,$A46)-COUNTIFS('Tableau de suivi'!$G$44:$G$59,U$43,'Tableau de suivi'!$C$44:$C$59,"Action innovante à détailler") -> 0
C67: Axe 4 – Déchets non dangereux | J67: Axe 5 – Énergie et eau | Q67: Axe 6 – Achats durables
B68: nbre d'actions | C68: A renseigner | D68: Prévue | E68: Engagée | F68: Réalisée | G68: Non applicable | I68: nbre d'actions | J68: A renseigner | K68: Prévue | L68: Engagée | M68: Réalisée | N68: Non applicable | P68: nbre d'actions | Q68: A renseigner | R68: Prévue | S68: Engagée | T68: Réalisée | U68: Non applicable
A69: I | B69: Impératif | C69: =COUNTIFS('Tableau de suivi'!$G$61:$G$75,C$43,'Tableau de suivi'!$B$61:$B$75,$A69) -> 3 | D69: =COUNTIFS('Tableau de suivi'!$G$61:$G$75,D$43,'Tableau de suivi'!$B$61:$B$75,$A69) -> 0 | E69: =COUNTIFS('Tableau de suivi'!$G$61:$G$75,E$43,'Tableau de suivi'!$B$61:$B$75,$A69) -> 0 | F69: =COUNTIFS('Tableau de suivi'!$G$61:$G$75,F$43,'Tableau de suivi'!$B$61:$B$75,$A69) -> 0 | G69: =COUNTIFS('Tableau de suivi'!$G$61:$G$75,G$43,'Tableau de suivi'!$B$61:$B$75,$A69) -> 0 | I69: Impératif | J69: =COUNTIFS('Tableau de suivi'!$G$77:$G$90,J$43,'Tableau de suivi'!$B$77:$B$90,$A69) -> 3 | K69: =COUNTIFS('Tableau de suivi'!$G$77:$G$90,K$43,'Tableau de suivi'!$B$77:$B$90,$A69) -> 0 | L69: =COUNTIFS('Tableau de suivi'!$G$77:$G$90,L$43,'Tableau de suivi'!$B$77:$B$90,$A69) -> 0 | M69: =COUNTIFS('Tableau de suivi'!$G$77:$G$90,M$43,'Tableau de suivi'!$B$77:$B$90,$A69) -> 0 | N69: =COUNTIFS('Tableau de suivi'!$G$77:$G$90,N$43,'Tableau de suivi'!$B$77:$B$90,$A69) -> 0 | P69: Impératif | Q69: =COUNTIFS('Tableau de suivi'!$G$92:$G$102,Q$43,'Tableau de suivi'!$B$92:$B$102,$A69) -> 1 | R69: =COUNTIFS('Tableau de suivi'!$G$92:$G$102,R$43,'Tableau de suivi'!$B$92:$B$102,$A69) -> 0 | S69: =COUNTIFS('Tableau de suivi'!$G$92:$G$102,S$43,'Tableau de suivi'!$B$92:$B$102,$A69) -> 0 | T69: =COUNTIFS('Tableau de suivi'!$G$92:$G$102,T$43,'Tableau de suivi'!$B$92:$B$102,$A69) -> 0 | U69: =COUNTIFS('Tableau de suivi'!$G$92:$G$102,U$43,'Tableau de suivi'!$B$92:$B$102,$A69) -> 0
A70: S | B70: Standard | C70: =COUNTIFS('Tableau de suivi'!$G$61:$G$75,C$43,'Tableau de suivi'!$B$61:$B$75,$A70) -> 2 | D70: =COUNTIFS('Tableau de suivi'!$G$61:$G$75,D$43,'Tableau de suivi'!$B$61:$B$75,$A70) -> 0 | E70: =COUNTIFS('Tableau de suivi'!$G$61:$G$75,E$43,'Tableau de suivi'!$B$61:$B$75,$A70) -> 0 | F70: =COUNTIFS('Tableau de suivi'!$G$61:$G$75,F$43,'Tableau de suivi'!$B$61:$B$75,$A70) -> 0 | G70: =COUNTIFS('Tableau de suivi'!$G$61:$G$75,G$43,'Tableau de suivi'!$B$61:$B$75,$A70) -> 0 | I70: Standard | J70: =COUNTIFS('Tableau de suivi'!$G$77:$G$90,J$43,'Tableau de suivi'!$B$77:$B$90,$A70) -> 1 | K70: =COUNTIFS('Tableau de suivi'!$G$77:$G$90,K$43,'Tableau de suivi'!$B$77:$B$90,$A70) -> 0 | L70: =COUNTIFS('Tableau de suivi'!$G$77:$G$90,L$43,'Tableau de suivi'!$B$77:$B$90,$A70) -> 0 | M70: =COUNTIFS('Tableau de suivi'!$G$77:$G$90,M$43,'Tableau de suivi'!$B$77:$B$90,$A70) -> 0 | N70: =COUNTIFS('Tableau de suivi'!$G$77:$G$90,N$43,'Tableau de suivi'!$B$77:$B$90,$A70) -> 0 | P70: Standard | Q70: =COUNTIFS('Tableau de suivi'!$G$92:$G$102,Q$43,'Tableau de suivi'!$B$92:$B$102,$A70) -> 1 | R70: =COUNTIFS('Tableau de suivi'!$G$92:$G$102,R$43,'Tableau de suivi'!$B$92:$B$102,$A70) -> 0 | S70: =COUNTIFS('Tableau de suivi'!$G$92:$G$102,S$43,'Tableau de suivi'!$B$92:$B$102,$A70) -> 0 | T70: =COUNTIFS('Tableau de suivi'!$G$92:$G$102,T$43,'Tableau de suivi'!$B$92:$B$102,$A70) -> 0 | U70: =COUNTIFS('Tableau de suivi'!$G$92:$G$102,U$43,'Tableau de suivi'!$B$92:$B$102,$A70) -> 0
A71: A | B71: Avancé | C71: =COUNTIFS('Tableau de suivi'!$G$61:$G$75,C$43,'Tableau de suivi'!$B$61:$B$75,$A71)-COUNTIFS('Tableau de suivi'!$G$61:$G$75,C$43,'Tableau de suivi'!$C$61:$C$75,"Action innovante à détailler") -> 0 | D71: =COUNTIFS('Tableau de suivi'!$G$61:$G$75,D$43,'Tableau de suivi'!$B$61:$B$75,$A71)-COUNTIFS('Tableau de suivi'!$G$61:$G$75,D$43,'Tableau de suivi'!$C$61:$C$75,"Action innovante à détailler") -> 0 | E71: =COUNTIFS('Tableau de suivi'!$G$61:$G$75,E$43,'Tableau de suivi'!$B$61:$B$75,$A71)-COUNTIFS('Tableau de suivi'!$G$61:$G$75,E$43,'Tableau de suivi'!$C$61:$C$75,"Action innovante à détailler") -> 0 | F71: =COUNTIFS('Tableau de suivi'!$G$61:$G$75,F$43,'Tableau de suivi'!$B$61:$B$75,$A71)-COUNTIFS('Tableau de suivi'!$G$61:$G$75,F$43,'Tableau de suivi'!$C$61:$C$75,"Action innovante à détailler") -> 0 | G71: =COUNTIFS('Tableau de suivi'!$G$61:$G$75,G$43,'Tableau de suivi'!$B$61:$B$75,$A71)-COUNTIFS('Tableau de suivi'!$G$61:$G$75,G$43,'Tableau de suivi'!$C$61:$C$75,"Action innovante à détailler") -> 0 | I71: Avancé | J71: =COUNTIFS('Tableau de suivi'!$G$77:$G$90,J$43,'Tableau de suivi'!$B$77:$B$90,$A71)-COUNTIFS('Tableau de suivi'!$G$77:$G$90,J$43,'Tableau de suivi'!$C$77:$C$90,"Action innovante à détailler") -> 0 | K71: =COUNTIFS('Tableau de suivi'!$G$77:$G$90,K$43,'Tableau de suivi'!$B$77:$B$90,$A71)-COUNTIFS('Tableau de suivi'!$G$77:$G$90,K$43,'Tableau de suivi'!$C$77:$C$90,"Action innovante à détailler") -> 0 | L71: =COUNTIFS('Tableau de suivi'!$G$77:$G$90,L$43,'Tableau de suivi'!$B$77:$B$90,$A71)-COUNTIFS('Tableau de suivi'!$G$77:$G$90,L$43,'Tableau de suivi'!$C$77:$C$90,"Action innovante à détailler") -> 0 | M71: =COUNTIFS('Tableau de suivi'!$G$77:$G$90,M$43,'Tableau de suivi'!$B$77:$B$90,$A71)-COUNTIFS('Tableau de suivi'!$G$77:$G$90,M$43,'Tableau de suivi'!$C$77:$C$90,"Action innovante à détailler") -> 0 | N71: =COUNTIFS('Tableau de suivi'!$G$77:$G$90,N$43,'Tableau de suivi'!$B$77:$B$90,$A71)-COUNTIFS('Tableau de suivi'!$G$77:$G$90,N$43,'Tableau de suivi'!$C$77:$C$90,"Action innovante à détailler") -> 0 | P71: Avancé | Q71: =COUNTIFS('Tableau de suivi'!$G$92:$G$102,Q$43,'Tableau de suivi'!$B$92:$B$102,$A71)-COUNTIFS('Tableau de suivi'!$G$92:$G$102,Q$43,'Tableau de suivi'!$C$92:$C$102,"Action innovante à détailler") -> 0 | R71: =COUNTIFS('Tableau de suivi'!$G$92:$G$102,R$43,'Tableau de suivi'!$B$92:$B$102,$A71)-COUNTIFS('Tableau de suivi'!$G$92:$G$102,R$43,'Tableau de suivi'!$C$92:$C$102,"Action innovante à détailler") -> 0 | S71: =COUNTIFS('Tableau de suivi'!$G$92:$G$102,S$43,'Tableau de suivi'!$B$92:$B$102,$A71)-COUNTIFS('Tableau de suivi'!$G$92:$G$102,S$43,'Tableau de suivi'!$C$92:$C$102,"Action innovante à détailler") -> 0 | T71: =COUNTIFS('Tableau de suivi'!$G$92:$G$102,T$43,'Tableau de suivi'!$B$92:$B$102,$A71)-COUNTIFS('Tableau de suivi'!$G$92:$G$102,T$43,'Tableau de suivi'!$C$92:$C$102,"Action innovante à détailler") -> 0 | U71: =COUNTIFS('Tableau de suivi'!$G$92:$G$102,U$43,'Tableau de suivi'!$B$92:$B$102,$A71)-COUNTIFS('Tableau de suivi'!$G$92:$G$102,U$43,'Tableau de suivi'!$C$92:$C$102,"Action innovante à détailler") -> 0
C91: Axe 7 – Écoconception du parcours patient | J91: Axe 8 – Réduction et réutilisation des dispositifs médicaux | Q91: Axe 9 – Formation & sensibilisation
B92: nbre d'actions | C92: A renseigner | D92: Prévue | E92: Engagée | F92: Réalisée | G92: Non applicable | I92: nbre d'actions | J92: A renseigner | K92: Prévue | L92: Engagée | M92: Réalisée | N92: Non applicable | P92: nbre d'actions | Q92: A renseigner | R92: Prévue | S92: Engagée | T92: Réalisée | U92: Non applicable
A93: I | B93: Impératif | C93: =COUNTIFS('Tableau de suivi'!$G$104:$G$113,C$43,'Tableau de suivi'!$B$104:$B$113,$A93) -> 3 | D93: =COUNTIFS('Tableau de suivi'!$G$104:$G$113,D$43,'Tableau de suivi'!$B$104:$B$113,$A93) -> 0 | E93: =COUNTIFS('Tableau de suivi'!$G$104:$G$113,E$43,'Tableau de suivi'!$B$104:$B$113,$A93) -> 0 | F93: =COUNTIFS('Tableau de suivi'!$G$104:$G$113,F$43,'Tableau de suivi'!$B$104:$B$113,$A93) -> 0 | G93: =COUNTIFS('Tableau de suivi'!$G$104:$G$113,G$43,'Tableau de suivi'!$B$104:$B$113,$A93) -> 0 | I93: Impératif | J93: =COUNTIFS('Tableau de suivi'!$G$115:$G$125,J$43,'Tableau de suivi'!$B$115:$B$125,$A93) -> 3 | K93: =COUNTIFS('Tableau de suivi'!$G$115:$G$125,K$43,'Tableau de suivi'!$B$115:$B$125,$A93) -> 0 | L93: =COUNTIFS('Tableau de suivi'!$G$115:$G$125,L$43,'Tableau de suivi'!$B$115:$B$125,$A93) -> 0 | M93: =COUNTIFS('Tableau de suivi'!$G$115:$G$125,M$43,'Tableau de suivi'!$B$115:$B$125,$A93) -> 0 | N93: =COUNTIFS('Tableau de suivi'!$G$115:$G$125,N$43,'Tableau de suivi'!$B$115:$B$125,$A93) -> 0 | P93: Impératif | Q93: =COUNTIFS('Tableau de suivi'!$G$127:$G$137,Q$43,'Tableau de suivi'!$B$127:$B$137,$A93) -> 1 | R93: =COUNTIFS('Tableau de suivi'!$G$127:$G$137,R$43,'Tableau de suivi'!$B$127:$B$137,$A93) -> 0 | S93: =COUNTIFS('Tableau de suivi'!$G$127:$G$137,S$43,'Tableau de suivi'!$B$127:$B$137,$A93) -> 0 | T93: =COUNTIFS('Tableau de suivi'!$G$127:$G$137,T$43,'Tableau de suivi'!$B$127:$B$137,$A93) -> 0 | U93: =COUNTIFS('Tableau de suivi'!$G$127:$G$137,U$43,'Tableau de suivi'!$B$127:$B$137,$A93) -> 0
A94: S | B94: Standard | C94: =COUNTIFS('Tableau de suivi'!$G$104:$G$113,C$43,'Tableau de suivi'!$B$104:$B$113,$A94) -> 1 | D94: =COUNTIFS('Tableau de suivi'!$G$104:$G$113,D$43,'Tableau de suivi'!$B$104:$B$113,$A94) -> 0 | E94: =COUNTIFS('Tableau de suivi'!$G$104:$G$113,E$43,'Tableau de suivi'!$B$104:$B$113,$A94) -> 0 | F94: =COUNTIFS('Tableau de suivi'!$G$104:$G$113,F$43,'Tableau de suivi'!$B$104:$B$113,$A94) -> 0 | G94: =COUNTIFS('Tableau de suivi'!$G$104:$G$113,G$43,'Tableau de suivi'!$B$104:$B$113,$A94) -> 0 | I94: Standard | J94: =COUNTIFS('Tableau de suivi'!$G$115:$G$125,J$43,'Tableau de suivi'!$B$115:$B$125,$A94) -> 4 | K94: =COUNTIFS('Tableau de suivi'!$G$115:$G$125,K$43,'Tableau de suivi'!$B$115:$B$125,$A94) -> 0 | L94: =COUNTIFS('Tableau de suivi'!$G$115:$G$125,L$43,'Tableau de suivi'!$B$115:$B$125,$A94) -> 0 | M94: =COUNTIFS('Tableau de suivi'!$G$115:$G$125,M$43,'Tableau de suivi'!$B$115:$B$125,$A94) -> 0 | N94: =COUNTIFS('Tableau de suivi'!$G$115:$G$125,N$43,'Tableau de suivi'!$B$115:$B$125,$A94) -> 0 | P94: Standard | Q94: =COUNTIFS('Tableau de suivi'!$G$127:$G$137,Q$43,'Tableau de suivi'!$B$127:$B$137,$A94) -> 2 | R94: =COUNTIFS('Tableau de suivi'!$G$127:$G$137,R$43,'Tableau de suivi'!$B$127:$B$137,$A94) -> 0 | S94: =COUNTIFS('Tableau de suivi'!$G$127:$G$137,S$43,'Tableau de suivi'!$B$127:$B$137,$A94) -> 0 | T94: =COUNTIFS('Tableau de suivi'!$G$127:$G$137,T$43,'Tableau de suivi'!$B$127:$B$137,$A94) -> 0 | U94: =COUNTIFS('Tableau de suivi'!$G$127:$G$137,U$43,'Tableau de suivi'!$B$127:$B$137,$A94) -> 0
A95: A | B95: Avancé | C95: =COUNTIFS('Tableau de suivi'!$G$104:$G$113,C$43,'Tableau de suivi'!$B$104:$B$113,$A95)-COUNTIFS('Tableau de suivi'!$G$104:$G$113,C$43,'Tableau de suivi'!$C$104:$C$113,"Action innovante à détailler") -> 0 | D95: =COUNTIFS('Tableau de suivi'!$G$104:$G$113,D$43,'Tableau de suivi'!$B$104:$B$113,$A95)-COUNTIFS('Tableau de suivi'!$G$104:$G$113,D$43,'Tableau de suivi'!$C$104:$C$113,"Action innovante à détailler") -> 0 | E95: =COUNTIFS('Tableau de suivi'!$G$104:$G$113,E$43,'Tableau de suivi'!$B$104:$B$113,$A95)-COUNTIFS('Tableau de suivi'!$G$104:$G$113,E$43,'Tableau de suivi'!$C$104:$C$113,"Action innovante à détailler") -> 0 | F95: =COUNTIFS('Tableau de suivi'!$G$104:$G$113,F$43,'Tableau de suivi'!$B$104:$B$113,$A95)-COUNTIFS('Tableau de suivi'!$G$104:$G$113,F$43,'Tableau de suivi'!$C$104:$C$113,"Action innovante à détailler") -> 0 | G95: =COUNTIFS('Tableau de suivi'!$G$104:$G$113,G$43,'Tableau de suivi'!$B$104:$B$113,$A95)-COUNTIFS('Tableau de suivi'!$G$104:$G$113,G$43,'Tableau de suivi'!$C$104:$C$113,"Action innovante à détailler") -> 0 | I95: Avancé | J95: =COUNTIFS('Tableau de suivi'!$G$115:$G$125,J$43,'Tableau de suivi'!$B$115:$B$125,$A95)-COUNTIFS('Tableau de suivi'!$G$115:$G$125,J$43,'Tableau de suivi'!$C$115:$C$125,"Action innovante à détailler") -> 0 | K95: =COUNTIFS('Tableau de suivi'!$G$115:$G$125,K$43,'Tableau de suivi'!$B$115:$B$125,$A95)-COUNTIFS('Tableau de suivi'!$G$115:$G$125,K$43,'Tableau de suivi'!$C$115:$C$125,"Action innovante à détailler") -> 0 | L95: =COUNTIFS('Tableau de suivi'!$G$115:$G$125,L$43,'Tableau de suivi'!$B$115:$B$125,$A95)-COUNTIFS('Tableau de suivi'!$G$115:$G$125,L$43,'Tableau de suivi'!$C$115:$C$125,"Action innovante à détailler") -> 0 | M95: =COUNTIFS('Tableau de suivi'!$G$115:$G$125,M$43,'Tableau de suivi'!$B$115:$B$125,$A95)-COUNTIFS('Tableau de suivi'!$G$115:$G$125,M$43,'Tableau de suivi'!$C$115:$C$125,"Action innovante à détailler") -> 0 | N95: =COUNTIFS('Tableau de suivi'!$G$115:$G$125,N$43,'Tableau de suivi'!$B$115:$B$125,$A95)-COUNTIFS('Tableau de suivi'!$G$115:$G$125,N$43,'Tableau de suivi'!$C$115:$C$125,"Action innovante à détailler") -> 0 | P95: Avancé | Q95: =COUNTIFS('Tableau de suivi'!$G$92:$G$102,Q$43,'Tableau de suivi'!$B$92:$B$102,$A95)-COUNTIFS('Tableau de suivi'!$G$92:$G$102,Q$43,'Tableau de suivi'!$C$92:$C$102,"Action innovante à détailler") -> 0 | R95: =COUNTIFS('Tableau de suivi'!$G$92:$G$102,R$43,'Tableau de suivi'!$B$92:$B$102,$A95)-COUNTIFS('Tableau de suivi'!$G$92:$G$102,R$43,'Tableau de suivi'!$C$92:$C$102,"Action innovante à détailler") -> 0 | S95: =COUNTIFS('Tableau de suivi'!$G$92:$G$102,S$43,'Tableau de suivi'!$B$92:$B$102,$A95)-COUNTIFS('Tableau de suivi'!$G$92:$G$102,S$43,'Tableau de suivi'!$C$92:$C$102,"Action innovante à détailler") -> 0 | T95: =COUNTIFS('Tableau de suivi'!$G$92:$G$102,T$43,'Tableau de suivi'!$B$92:$B$102,$A95)-COUNTIFS('Tableau de suivi'!$G$92:$G$102,T$43,'Tableau de suivi'!$C$92:$C$102,"Action innovante à détailler") -> 0 | U95: =COUNTIFS('Tableau de suivi'!$G$92:$G$102,U$43,'Tableau de suivi'!$B$92:$B$102,$A95)-COUNTIFS('Tableau de suivi'!$G$92:$G$102,U$43,'Tableau de suivi'!$C$92:$C$102,"Action innovante à détailler") -> 0
C115: Axe 10 – Qualité de vie au travail / Qualité de l'air intérieur | J115: Axe 11 – Reconnaissance et engagement
B116: nbre d'actions | C116: A renseigner | D116: Prévue | E116: Engagée | F116: Réalisée | G116: Non applicable | I116: nbre d'actions | J116: A renseigner | K116: Prévue | L116: Engagée | M116: Réalisée | N116: Non applicable
A117: I | B117: Impératif | C117: =COUNTIFS('Tableau de suivi'!$G$139:$G$154,C$43,'Tableau de suivi'!$B$139:$B$154,$A117) -> 0 | D117: =COUNTIFS('Tableau de suivi'!$G$139:$G$154,D$43,'Tableau de suivi'!$B$139:$B$154,$A117) -> 0 | E117: =COUNTIFS('Tableau de suivi'!$G$139:$G$154,E$43,'Tableau de suivi'!$B$139:$B$154,$A117) -> 0 | F117: =COUNTIFS('Tableau de suivi'!$G$139:$G$154,F$43,'Tableau de suivi'!$B$139:$B$154,$A117) -> 0 | G117: =COUNTIFS('Tableau de suivi'!$G$139:$G$154,G$43,'Tableau de suivi'!$B$139:$B$154,$A117) -> 0 | I117: Impératif | J117: =COUNTIFS('Tableau de suivi'!$G$156:$G$167,J$43,'Tableau de suivi'!$B$156:$B$167,$A117) -> 4 | K117: =COUNTIFS('Tableau de suivi'!$G$156:$G$167,K$43,'Tableau de suivi'!$B$156:$B$167,$A117) -> 0 | L117: =COUNTIFS('Tableau de suivi'!$G$156:$G$167,L$43,'Tableau de suivi'!$B$156:$B$167,$A117) -> 0 | M117: =COUNTIFS('Tableau de suivi'!$G$156:$G$167,M$43,'Tableau de suivi'!$B$156:$B$167,$A117) -> 0 | N117: =COUNTIFS('Tableau de suivi'!$G$156:$G$167,N$43,'Tableau de suivi'!$B$156:$B$167,$A117) -> 0
A118: S | B118: Standard | C118: =COUNTIFS('Tableau de suivi'!$G$139:$G$154,C$43,'Tableau de suivi'!$B$139:$B$154,$A118) -> 4 | D118: =COUNTIFS('Tableau de suivi'!$G$139:$G$154,D$43,'Tableau de suivi'!$B$139:$B$154,$A118) -> 0 | E118: =COUNTIFS('Tableau de suivi'!$G$139:$G$154,E$43,'Tableau de suivi'!$B$139:$B$154,$A118) -> 0 | F118: =COUNTIFS('Tableau de suivi'!$G$139:$G$154,F$43,'Tableau de suivi'!$B$139:$B$154,$A118) -> 0 | G118: =COUNTIFS('Tableau de suivi'!$G$139:$G$154,G$43,'Tableau de suivi'!$B$139:$B$154,$A118) -> 0 | I118: Standard | J118: =COUNTIFS('Tableau de suivi'!$G$156:$G$167,J$43,'Tableau de suivi'!$B$156:$B$167,$A118) -> 1 | K118: =COUNTIFS('Tableau de suivi'!$G$156:$G$167,K$43,'Tableau de suivi'!$B$156:$B$167,$A118) -> 0 | L118: =COUNTIFS('Tableau de suivi'!$G$156:$G$167,L$43,'Tableau de suivi'!$B$156:$B$167,$A118) -> 0 | M118: =COUNTIFS('Tableau de suivi'!$G$156:$G$167,M$43,'Tableau de suivi'!$B$156:$B$167,$A118) -> 0 | N118: =COUNTIFS('Tableau de suivi'!$G$156:$G$167,N$43,'Tableau de suivi'!$B$156:$B$167,$A118) -> 0
A119: A | B119: Avancé | C119: =COUNTIFS('Tableau de suivi'!$G$139:$G$154,C$43,'Tableau de suivi'!$B$139:$B$154,$A119)-COUNTIFS('Tableau de suivi'!$G$139:$G$154,C$43,'Tableau de suivi'!$C$139:$C$154,"Action innovante à détailler") -> 0 | D119: =COUNTIFS('Tableau de suivi'!$G$139:$G$154,D$43,'Tableau de suivi'!$B$139:$B$154,$A119)-COUNTIFS('Tableau de suivi'!$G$139:$G$154,D$43,'Tableau de suivi'!$C$139:$C$154,"Action innovante à détailler") -> 0 | E119: =COUNTIFS('Tableau de suivi'!$G$139:$G$154,E$43,'Tableau de suivi'!$B$139:$B$154,$A119)-COUNTIFS('Tableau de suivi'!$G$139:$G$154,E$43,'Tableau de suivi'!$C$139:$C$154,"Action innovante à détailler") -> 0 | F119: =COUNTIFS('Tableau de suivi'!$G$139:$G$154,F$43,'Tableau de suivi'!$B$139:$B$154,$A119)-COUNTIFS('Tableau de suivi'!$G$139:$G$154,F$43,'Tableau de suivi'!$C$139:$C$154,"Action innovante à détailler") -> 0 | G119: =COUNTIFS('Tableau de suivi'!$G$139:$G$154,G$43,'Tableau de suivi'!$B$139:$B$154,$A119)-COUNTIFS('Tableau de suivi'!$G$139:$G$154,G$43,'Tableau de suivi'!$C$139:$C$154,"Action innovante à détailler") -> 0 | I119: Avancé | J119: =COUNTIFS('Tableau de suivi'!$G$156:$G$167,J$43,'Tableau de suivi'!$B$156:$B$167,$A119)-COUNTIFS('Tableau de suivi'!$G$156:$G$167,J$43,'Tableau de suivi'!$C$156:$C$167,"Action innovante à détailler") -> 0 | K119: =COUNTIFS('Tableau de suivi'!$G$156:$G$167,K$43,'Tableau de suivi'!$B$156:$B$167,$A119)-COUNTIFS('Tableau de suivi'!$G$156:$G$167,K$43,'Tableau de suivi'!$C$156:$C$167,"Action innovante à détailler") -> 0 | L119: =COUNTIFS('Tableau de suivi'!$G$156:$G$167,L$43,'Tableau de suivi'!$B$156:$B$167,$A119)-COUNTIFS('Tableau de suivi'!$G$156:$G$167,L$43,'Tableau de suivi'!$C$156:$C$167,"Action innovante à détailler") -> 0 | M119: =COUNTIFS('Tableau de suivi'!$G$156:$G$167,M$43,'Tableau de suivi'!$B$156:$B$167,$A119)-COUNTIFS('Tableau de suivi'!$G$156:$G$167,M$43,'Tableau de suivi'!$C$156:$C$167,"Action innovante à détailler") -> 0 | N119: =COUNTIFS('Tableau de suivi'!$G$156:$G$167,N$43,'Tableau de suivi'!$B$156:$B$167,$A119)-COUNTIFS('Tableau de suivi'!$G$156:$G$167,N$43,'Tableau de suivi'!$C$156:$C$167,"Action innovante à détailler") -> 0

Sheet Feuil1
A1: A renseigner
A2: Prévue
A3: Engagée
A4: Réalisée
A5: Non applicable
